 Dungeon Crawl Stone Soup version 0.29-a0-541-gaf1fc19f1b (webtiles) character file.

Game seed: 6910007103005675959

1871 nrs142 the Ruffian (level 8, -20/124 HPs)
             Began as a Troll Berserker on June 2, 2022.
             Was a Priest of Trog.
             Killed from afar by a gargoyle (32 damage)
             ... with a stone arrow
             ... on level 5 of the Dungeon.
             The game lasted 00:09:38 (4483 turns).

nrs142 the Ruffian (Troll Berserker)                Turns: 4483, Time: 00:09:39

Health: -20/124    AC:  4    Str: 28    XL:     8   Next: 90%
Magic:  7/7        EV: 11    Int:  3    God:    Trog [***...]
Gold:   417        SH:  0    Dex:  9    Spells: 7/7 levels left

rFire   . . .      SeeInvis .     - Unarmed
rCold   . . .      Faith    .   (no shield)
rNeg    . . .      Spirit   .   a - +0 animal skin
rPois   .          Reflect  .   (helmet restricted)
rElec   .          Harm     .   b - scarf {+Inv}
rCorr   .          Rampage  .   (gloves unavailable)
Will    ++...                   (boots unavailable)
Stlth   ..........              (no amulet)
HPRegen 2.10/turn               (no ring)
MPRegen 0.10/turn               (no ring)

@: berserking, lit by a corona, strong-willed, regenerating, glowing, very quick
A: large, unfitting armour, claws 3, regeneration 1, shaggy fur 1, tough skin 1
a: Renounce Religion, Evoke Invisibility, Berserk, Trog's Hand


You were on level 5 of the Dungeon.
You worshipped Trog.
Trog was most pleased with you.
You visited 1 branch of the dungeon, and saw 6 of its levels.

You collected 417 gold pieces.

Inventory:

Missiles
 w - a throwing net (quivered)
Armour
 a - a +0 animal skin (worn)
 b - a scarf of invisibility (worn)
 j - a +0 cloak
 y - an orb of wrath
Jewellery
 d - an amulet of regeneration
 u - an amulet of guardian spirit
Scrolls
 f - a scroll of blinking {unknown}
 h - 2 scrolls of vulnerability {unknown}
 i - 3 scrolls of teleportation {unknown}
 m - a scroll of fog {unknown}
 o - 2 scrolls of enchant armour {unknown}
 p - 2 scrolls of identify {unknown}
 q - 2 scrolls of enchant weapon {unknown}
 r - a scroll of fear {unknown}
 s - a scroll of amnesia {unknown}
 v - 3 scrolls of magic mapping {unknown}
 A - a scroll of brand weapon {unknown}
Potions
 c - 2 potions of brilliance {unknown}
 e - 2 potions of might {unknown}
 g - 2 potions of magic {unknown}
 k - a potion of invisibility {unknown}
 l - 2 potions of haste {unknown}
 n - 2 potions of curing {unknown}
 t - a potion of degeneration {unknown}
 x - 2 potions of heal wounds {unknown}
 z - a potion of flight {unknown}


   Skills:
 + Level 6.1 Fighting
 + Level 6.1 Dodging
 + Level 7.3 Unarmed Combat


You had 7 spell levels left.
You didn't know any spells.
Your spell library was empty.

Dungeon Overview and Level Annotations

Branches:
Dungeon (6/15)
 Temple: D:4-7

Altars:
Gozag
Nemelex Xobeh
Trog
Uskayaw
Vehumet
Wu Jian
Xom


Innate Abilities, Weirdness & Mutations

You are too large for most types of armour.
You have claws for hands.
Your natural rate of healing is unusually fast.
You are covered in fur. (AC +1)
You have tough skin. (AC +1)


Message History

You kill the orc!
Trog accepts your kill.
Things that are here:
a +0 whip; a +0 scale mail You start resting.
HP restored.
Things that are here:
a +0 whip; a +0 scale mail
There is a stone staircase leading down here.
You climb downwards.
There is a stone staircase leading up here.
The gnoll shaman calls down the wrath of its god upon you.
You are outlined in light.
The gargoyle hits you with a +0 mace!
The gnoll hits you from afar with a +0 halberd!
You climb upwards.
There is a stone staircase leading down here.
The gargoyle attacks as you move away! The gargoyle hits you with a +0 mace!!
Things that are here:
a +0 scale mail; a +0 whip The gargoyle attacks as you move away!
The gargoyle hits you with a +0 mace!!
* * * LOW HITPOINT WARNING * * *
Your skin crawls.
You feel strong-willed. The gargoyle hits you with a +0 mace!
* * * LOW HITPOINT WARNING * * *
A red film seems to cover your vision as you go berserk!
You feel yourself moving faster!
You feel mighty! The gargoyle barely misses you.
You claw the gargoyle!
The gargoyle is moderately damaged.
The gargoyle hits you with a +0 mace!
* * * LOW HITPOINT WARNING * * *
You scratch the gargoyle but do no damage.
The gargoyle is moderately damaged.
You mangle the gargoyle!! Your claw misses the gargoyle.
The gargoyle is almost destroyed.
The gargoyle hurls a stone arrow at you.
The stone arrow hits you!!
You die...

...#.#.#.........................
.......###.............#.#.#'#.#.
.###.#.# ######...######.#.#_#.#.
.....#.# #...# #...###.#.
###....# #...# ###..####. #.####
#...# #....... #.#
#†>.########.###### #.#
##9#.....÷.....## #.#
#####@#.####.......###
###.########.[...#.####..#.......
....#......#(#........#..###..##.
#####.####.#...............#..##.
#(##.......#..............###
##.##.#.#..##..#..##..#.##.#
#..........##.....##.......#
#.###.###......#.###..###### #.#
#.# #..##.........#


You could see a gargoyle.

Vanquished Creatures
  Pikel (D:5)
  Sigmund (D:5)
  A black bear (D:4)
  3 ogres
  Blork the orc (D:5)
  4 scorpions
  5 hounds (D:5)
  An orc priest (D:3)
  Crazy Yiuf (D:2)
  A gnoll shaman (D:4)
  Terence (D:3)
  An orc wizard (D:4)
  Natasha (thrice) (D:3)
  7 gnolls
  7 adders
  A white imp (D:6)
  2 ufetubi
  3 worms
  3 dart slugs (D:2)
  17 orcs
  3 bats
  4 endoplasms
  4 giant cockroaches
  5 goblins
  5 hobgoblins
  7 quokkas
  7 ball pythons
  A frilled lizard (D:1)
  5 kobolds
  2 rats (D:2)
107 creatures vanquished.

Vanquished Creatures (others)
  14 toadstools (D:1)
14 creatures vanquished.

Grand Total: 121 creatures vanquished

Notes
Turn   | Place    | Note
-------+----------+-------------------------------------------
     0 | D:1      | nrs142 the Troll Berserker began the quest for the Orb.
     0 | D:1      | Reached XP level 1. HP: 22/22 MP: 0/0
   221 | D:1      | Found a faded altar of an unknown god.
   290 | D:1      | Reached XP level 2. HP: 28/29 MP: 1/1
  1275 | D:2      | Found a runed translucent door.
  1276 | D:2      | Noticed Crazy Yiuf
  1283 | D:2      | Killed Crazy Yiuf
  1284 | D:2      | Reached XP level 3. HP: 25/37 MP: 2/2
  1574 | D:2      | Reached XP level 4. HP: 41/45 MP: 3/3
  1931 | D:3      | Noticed Terence
  1937 | D:3      | Killed Terence
  1938 | D:3      | Reached skill level 4 in Unarmed Combat
  2017 | D:3      | Reached XP level 5. HP: 53/53 MP: 4/4
  2050 | D:3      | Reached ** piety under Trog
  2054 | D:3      | Found an opulent altar of Gozag.
  2054 | D:3      | Found a hide-covered altar of Uskayaw.
  2090 | D:3      | Noticed Natasha
  2101 | D:3      | Killed Natasha
  2356 | D:3      | Noticed Natasha
  2365 | D:3      | Killed Natasha
  2481 | D:3      | Found a sparkling altar of Nemelex Xobeh.
  2481 | D:3      | Found a shimmering altar of Xom.
  2672 | D:3      | Noticed Natasha
  2681 | D:3      | Killed Natasha
  2682 | D:3      | Reached XP level 6. HP: 55/62 MP: 5/5
  2799 | D:4      | Reached skill level 5 in Unarmed Combat
  2902 | D:4      | Reached XP level 7. HP: 46/70 MP: 6/6
  2953 | D:4      | Found an ornate altar of the Wu Jian Council.
  3491 | D:4      | Reached *** piety under Trog
  3661 | D:5      | Entered Level 5 of the Dungeon
  3672 | D:5      | Reached skill level 6 in Unarmed Combat
  3698 | D:5      | Noticed Blork the orc
  3703 | D:5      | Killed Blork the orc
  3704 | D:5      | Reached skill level 5 in Fighting
  3704 | D:5      | Reached skill level 5 in Dodging
  3755 | D:5      | Reached XP level 8. HP: 80/80 MP: 7/7
  3808 | D:5      | Noticed Sigmund
  3816 | D:5      | Killed Sigmund
  3908 | D:5      | Noticed Pikel
  3919 | D:5      | Killed Pikel
  3920 | D:5      | Reached skill level 7 in Unarmed Combat
  4032 | D:5      | Found a bloodstained altar of Trog.
  4344 | D:5      | Found a radiant altar of Vehumet.
  4415 | D:6      | Noticed a gargoyle
  4483 | D:5      | Killed from afar by a gargoyle

Illustrated notes

Levels and vault maps discovered:
D:1:      nagdon_arrival_zigzag_paths, layout_loops_corners,
          ebering_ecumenical_altar_sacrificial
D:2:      layout_loops_ring, minmay_between, uniq_crazy_yiuf_cottage
D:3:      layout_loops_ring, chequers_temple_overflow_statue_of_worship,
          jmf_multi_god_temple, uniq_terence, uniq_natasha
D:4:      nicolae_BIG_FREAKIN_CUBE, layout_loops_cross, marbit_many_paths,
          glass_columns_a, minmay_box_of_dots
D:5:      layout_loops_cross, kennysheep_mini, kennysheep_little_box,
          uniq_sigmund, uniq_pikel, uniq_blork_the_orc
D:6:      layout_rooms, minmay_temple_entry_overgrown, serial_shops,
          nicolae_shop_bloodbath_and_beyond, uniq_maggie

Skill      XL: |  1  2  3  4  5  6  7  8 |
---------------+-------------------------+-----
Fighting       | 3 4 5 6 |  6.1
Dodging        | 3 4 5 6 |  6.1
Unarmed Combat | 4 5 6 7 |  7.3

Action                   |  1- 3 |  4- 6 |  7- 9 || total
-------------------------+-------+-------+-------++-------
Melee: Unarmed           |    55 |   102 |   122 ||   279
       Punch             |     1 |     1 |     2 ||     4
Invok: Berserk           |     1 |       |     1 ||     2
       Trog's Hand       |       |       |     1 ||     1
 Stab: Sleeping          |     2 |     1 |       ||     3
Armor: Animal skin       |    13 |    27 |    30 ||    70
Dodge: Dodged            |    23 |    40 |    74 ||   137

Table legend: (Time is in decaauts)
 A = Elapsed time spent in this place.
 B = Non-inter-level travel time spent in this place.
 C = Inter-level travel time spent in this place.
 D = Time resting spent in this place.
 E = Time spent auto-exploring this place.
 F = Levels seen in this place.
 G = Mean time per level.
                   A        B        C        D        E       F      G
               +--------+--------+--------+--------+--------+-----+--------+
         Total |   4492 |   4226 |    266 |    175 |   3275 |   6 |  748.7 |
       Dungeon |   4492 |   4226 |    266 |    175 |   3275 |   6 |  748.7 |
               +--------+--------+--------+--------+--------+-----+--------+

Top non-repeatable levels by time:
     D:1: 1109 daAuts
     D:4: 935 daAuts
     D:3: 853 daAuts
     D:5: 816 daAuts
     D:2: 756 daAuts
     D:6: 21 daAuts
